 Dungeon Crawl Stone Soup version 0.28-a0-440-ge3cd3e9 (webtiles) character file.

Game seed: 13861887912028733587

154 Sixotanaka the Chiller (level 5, -3/35 HPs)
             Began as a Merfolk Ice Elementalist on Sept 11, 2021.
             Was a Follower of Nemelex Xobeh.
             Slain by an ogre (17 damage)
             ... on level 4 of the Dungeon.
             The game lasted 00:06:28 (4112 turns).

Sixotanaka the Chiller (Merfolk Ice Elementalist)   Turns: 4112, Time: 00:06:29

Health: -3/35      AC: 10    Str: 12    XL:     5   Next: 36%
Magic:  2/8        EV: 13    Int: 15    God:    Nemelex Xobeh [*.....]
Gold:   114        SH:  0    Dex: 18    Spells: 1/8 levels left

rFire   + . .      SeeInvis .   r - +6 hand axe of the Solstice {freeze, rF+ Str+4 Dex+3 Stlth+}
rCold   . . .      Faith    .   (no shield)
rNeg    . . .      Spirit   .   a - +0 robe
rPois   .          Reflect  .   e - +0 helmet
rElec   .          Harm     .   (no cloak)
rCorr   .          Rampage  .   l - +0 pair of gloves
Will    .....                   (no boots)
Stlth   +++.......              (no amulet)
HPRegen 0.11/turn               (no ring)
MPRegen 0.11/turn               (no ring)

@: ice-armoured, freezing walls
A: (nimble swimmer 2), mertail
a: Renounce Religion, Draw Escape, Draw Destruction, Draw Summoning


You were on level 4 of the Dungeon.
You worshipped Nemelex Xobeh.
Nemelex Xobeh was aware of your devotion.
You visited 1 branch of the dungeon, and saw 4 of its levels.

You collected 114 gold pieces.

Inventory:

Hand Weapons
 r - the +6 hand axe of the Solstice (weapon) {freeze, rF+ Str+4 Dex+3 Stlth+}
   (You found it on level 4 of the Dungeon)

   It freezes those it strikes, dealing additional cold damage.
   It can also slow down cold-blooded creatures.
   Str:       It affects your strength (+4).
   Dex:       It affects your dexterity (+3).
   rF:        It protects you from fire.
   Stlth:     It makes you more stealthy.
Armour
 a - a +0 robe (worn)
 e - a +0 helmet (worn)
 g - a +0 leather armour
 l - a +0 pair of gloves (worn)
Scrolls
 c - a scroll of magic mapping {unknown}
 f - a scroll of enchant armour {unknown}
 i - 3 scrolls of amnesia {unknown}
 j - 6 scrolls of identify {unknown}
 m - 3 scrolls of teleportation {unknown}
 n - 3 scrolls of fog {unknown}
 p - 2 scrolls of enchant weapon {unknown}
 q - 2 scrolls of noise {unknown}
 s - a scroll of fear {unknown}
Potions
 b - a potion of curing {unknown}
 d - a potion of haste {unknown}
 h - a potion of heal wounds {unknown}
 k - a potion of flight {unknown}
 o - a potion of degeneration {unknown}


   Skills:
 - Level 2.6 Dodging
 - Level 2.1 Stealth
 - Level 2.0 Spellcasting
 + Level 7.1 Ice Magic


You had one spell level left.
You knew the following spells:

 Your Spells              Type           Power      Damage    Failure   Level
a - Freeze                Ice            88%        1d10      1%          1
b - Frozen Ramparts       Ice            44%        1d6       3%          3
c - Ozocubu's Armour      Ice            22%        N/A       3%          3

Your spell library contained the following spells:

 Spells                   Type           Power      Damage    Failure   Level
 Hailstorm                Conj/Ice       12%        3d5       45%         4
 Mephitic Cloud           Conj/Pois/Air  1%         N/A       54%         3
 Infestation              Necr           0%         N/A       100%        8
 Chain Lightning          Conj/Air       0%         2d1       100%        9


Dungeon Overview and Level Annotations

Branches:
Dungeon (4/15)
 Temple: D:4-7

Altars:
Nemelex Xobeh


Innate Abilities, Weirdness & Mutations

((You are quick and stealthy near water. (Stealth+, EV+, Speed+++)))
Your lower body shifts to a powerful aquatic tail in water.


Message History

Aiming: Freeze (safe; 1% risk of failure)
Press: ? - help, Shift-Dir - straight line, f - kobold
Aim: a kobold, wielding a +0 dagger You freeze the kobold.
You kill the kobold!
Casting: Freeze (safe; 1% risk of failure)
Confirm with . or Enter, or press ? or * to list all spells.
Aiming: Freeze (safe; 1% risk of failure)
Press: ? - help, Shift-Dir - straight line, f - you That would be overly suicidal.
Okay, then.
Things that are here:
a +0 dagger; a kobold corpse You start resting.
Magic restored.
Casting: Freeze (safe; 1% risk of failure)
Confirm with . or Enter, or press ? or * to list all spells.
Casting: Frozen Ramparts (dangerous; 3% risk of failure)
Press: ? - help, Dir - look around, f - activate
Okay, then.
Casting: Frozen Ramparts (dangerous; 3% risk of failure)
Confirm with . or Enter, or press ? or * to list all spells.
A film of ice covers your body! The ogre completely misses you.
Casting: Ozocubu's Armour (dangerous; 3% risk of failure)
Confirm with . or Enter, or press ? or * to list all spells.
Casting: Frozen Ramparts (dangerous; 3% risk of failure)
Press: ? - help, Dir - look around, f - activate The walls around you are covered in ice.
You draw a card...
You have drawn Pain.
Press: ? - help, Shift-Dir - straight line, f - ogre
Aim: an ogre, wielding a +0 giant club The ogre barely resists.
The wall freezes the ogre!
The ogre hits you with a +0 giant club!!
Ouch! That really hurt!
You draw a card...
You have drawn the Storm.
A fierce wind blows from the card.
You hear a mighty peal of thunder!
The wall freezes the ogre.
The ogre hits you with a +0 giant club!
You die...
Your body disappears without a glow.

.#.###.###.##.# #.#
...........##.######
#.#
###.##.###.##......#
#.#
#.......##.#######.#
#.# ...<....##.....#
#.# ...)....######.#
... ........#
#.#######..
........###
#.#O.......
..#.......#
#.#@#####
...#....#.#
#.......#
..........#
###.#.###
..##...##### #.#...
...........# #.#..##
.......#...# #.#..#
...##..#.### #.####
......>....# #.#
..######.#.# #)#


You could see an ogre.

Vanquished Creatures
  An orc priest (D:4)
  Natasha (D:2)
  3 adders
  A worm (D:4)
  2 dart slugs (D:1)
  3 orcs
  6 endoplasms
  2 giant cockroaches
  5 hobgoblins
  6 jackals (D:2)
  3 kobolds
  5 quokkas
  7 ball pythons
  6 bats
  6 goblins
  4 rats
61 creatures vanquished.

Vanquished Creatures (others)
  5 plants
5 creatures vanquished.

Grand Total: 66 creatures vanquished

Notes
Turn   | Place    | Note
-------+----------+-------------------------------------------
     0 | D:1      | Sixotanaka the Merfolk Ice Elementalist began the quest for
                  | the Orb.
     0 | D:1      | Reached XP level 1. HP: 13/13 MP: 3/3
    27 | D:1      | Got Ereshkigal's Incunabulum of Ghastly Attacks
   145 | D:1      | Reached XP level 2. HP: 19/19 MP: 1/5
   252 | D:1      | Reached skill level 5 in Ice Magic
  1030 | D:2      | Reached XP level 3. HP: 24/24 MP: 3/6
  1084 | D:2      | Learned a level 3 spell: Frozen Ramparts
  1686 | D:2      | Reached skill level 6 in Ice Magic
  1770 | D:2      | Noticed Natasha
  1777 | D:2      | Killed Natasha
  1778 | D:2      | Reached XP level 4. HP: 21/30 MP: 4/7
  2516 | D:3      | Learned a level 3 spell: Ozocubu's Armour
  2894 | D:3      | Found a faded altar of an unknown god.
  2931 | D:3      | Became a worshipper of Nemelex Xobeh the Trickster
  2931 | D:3      | Reached * piety under Nemelex Xobeh
  3274 | D:4      | Reached skill level 7 in Ice Magic
  3274 | D:4      | Reached XP level 5. HP: 21/35 MP: 2/8
  3411 | D:4      | Noticed an ogre
  3483 | D:4      | Received a gift from Nemelex Xobeh
  3540 | D:4      | Identified the +6 hand axe of the Solstice {freeze, rF+
                  | Str+4 Dex+3 Stlth+}
  4112 | D:4      | Slain by an ogre

Illustrated notes

Levels and vault maps discovered:
D:1:      onia_arrival_pentagram, layout_loops_ring, serial_bayou_pond_d
D:2:      layout_basic, uniq_natasha
D:3:      layout_loops_ring, serial_bayou, serial_bayou_pond_e,
          serial_bayou_pond_e, serial_bayou_pond_e, serial_bayou_pond_c,
          dilly_ecumenical_altar_fadedgnrine
D:4:      layout_basic

Skill      XL: |  1  2  3  4 |
---------------+-------------+-----
Ice Magic      | 5 6 7 |  7.1
Dodging        | |  2.6
Stealth        | |  2.1
Spellcasting   | |  2.0

Action                   |  1- 3 |  4- 6 || total
-------------------------+-------+-------++-------
Melee: Unarmed           |     6 |       ||     6
       Short sword       |    14 |    11 ||    25
       Hand axe          |       |     2 ||     2
 Cast: Freeze            |    36 |    33 ||    69
       Ozocubu's Armour  |       |     2 ||     2
       Frozen Ramparts   |       |     2 ||     2
Invok: Draw Destruction  |       |     2 ||     2
 Stab: Sleeping          |     6 |     6 ||    12
Armor: Robe              |    12 |    11 ||    23
Dodge: Dodged            |    31 |    26 ||    57

Table legend: (Time is in decaauts)
 A = Elapsed time spent in this place.
 B = Non-inter-level travel time spent in this place.
 C = Inter-level travel time spent in this place.
 D = Time resting spent in this place.
 E = Time spent auto-exploring this place.
 F = Levels seen in this place.
 G = Mean time per level.
                   A        B        C        D        E       F      G
               +--------+--------+--------+--------+--------+-----+--------+
         Total |   4097 |   3987 |    110 |    475 |   3004 |   4 | 1024.2 |
       Dungeon |   4097 |   3987 |    110 |    475 |   3004 |   4 | 1024.2 |
               +--------+--------+--------+--------+--------+-----+--------+

Top non-repeatable levels by time:
     D:2: 1237 daAuts
     D:3: 1044 daAuts
     D:1: 964 daAuts
     D:4: 850 daAuts
